 Dungeon Crawl Stone Soup version 0.28.0 (webtiles) character file.

Game seed: 2038775720318393558

21593 Hasart the Carver (level 12, -1/100 HPs)
             Began as a Demigod Fighter on Feb 13, 2022.
             Slain by a vampire mosquito (7 damage)
             ... on level 11 of the Dungeon.
             The game lasted 00:40:57 (22713 turns).

Hasart the Carver (Demigod Fighter)                Turns: 22713, Time: 00:40:58

Health: -1/100     AC: 19    Str: 31    XL:     12   Next: 25%
Magic:  15/15      EV: 13    Int: 10    God:
Gold:   869        SH:  7    Dex: 21    Spells: 11/11 levels left

rFire   + . .      SeeInvis .   o - +3 falchion
rCold   + . .      Faith    .   c - +0 buckler
rNeg    . . .      Spirit   .   f - +1 storm dragon scales
rPois   +          Reflect  .   (helmet restricted)
rElec   +          Harm     .   u - scarf {rC+ rF+}
rCorr   .          Rampage  .   A - +0 pair of gloves
Will    +....                   s - +0 pair of boots
Stlth   ..........              (no amulet)
HPRegen 0.26/turn               y - +6 ring of strength
MPRegen 0.14/turn               a - ring of poison resistance

@: marked
A: high MP 1, forlorn, divine attributes, horns 1, iridescent scales 1
a: no special abilities


You were on level 11 of the Dungeon.
You visited 2 branches of the dungeon, and saw 13 of its levels.
You also visited: Ossuary.

You collected 1423 gold pieces.
You spent 554 gold pieces at shops.

Inventory:

Hand Weapons
 o - a +3 falchion (weapon)
 I - a +0 scimitar
Missiles
 b - 8 curare-tipped darts
 k - 14 boomerangs
 l - 4 javelins
 p - 36 poisoned darts (quivered)
 D - 2 throwing nets
Armour
 c - a +0 buckler (worn)
 f - +1 storm dragon scales (worn)
 s - a +0 pair of boots (worn)
 u - a scarf of resistance (worn)
 A - a +0 pair of gloves (worn)
 H - a +0 helmet
Jewellery
 a - a ring of poison resistance (right hand)
 x - a ring of see invisible
 y - a +6 ring of strength (left hand)
 F - a +4 ring of protection
 K - a +4 ring of evasion
Wands
 j - a wand of flame (8)
 n - a wand of charming (4)
 r - a wand of acid (8)
 w - a wand of iceblast (7)
 G - a wand of polymorph (4)
Scrolls
 v - 2 scrolls of identify
 C - 2 scrolls of magic mapping
 E - 3 scrolls of teleportation
 J - a scroll of amnesia
 L - a scroll of brand weapon
 M - a scroll of blinking
Potions
 d - a potion of might
 e - 2 potions of cancellation
 h - 5 potions of lignification
 i - 2 potions of haste {unknown}
 m - 2 potions of flight
 q - 5 potions of curing
 t - 4 potions of heal wounds
 z - a potion of magic {unknown}
 B - 6 potions of brilliance


   Skills:
 + Level 7.5 Fighting
 * Level 10.2 Long Blades
 + Level 6.7 Throwing
 + Level 7.5 Armour
 + Level 6.8 Dodging
 + Level 7.5 Shields
 + Level 6.5 Evocations


You had 11 spell levels left.
You didn't know any spells.
Your spell library contained the following spells:

 Spells                   Type           Power      Damage    Failure   Level
 Animate Skeleton         Necr           0%         N/A       89%         1
 Apportation              Tloc           0%         N/A       89%         1
 Pain                     Necr           0%         1d4       89%         1
 Static Discharge         Conj/Air       0%         N/A       96%         2
 Dazzling Flash           Conj/Hex       0%         N/A       99%         3
 Vampiric Draining        Necr           0%         2d6       99%         3
 Dispel Undead            Necr           0%         3d6       100%        4
 Sticky Flame             Conj/Fire      0%         2d3       100%        4
 Agony                    Necr           0%         N/A       100%        5
 Alistair's Intoxication  Tmut/Pois      0%         N/A       100%        5
 Silence                  Hex/Air        0%         N/A       100%        5


Dungeon Overview and Level Annotations

Branches:
Dungeon (11/15)            Temple (0/1) D:7             Orc (2/2) D:10
    Elf (0/3) Orc:2       Ossuary (visited)
   Lair: D:8-11

Shops:
D:2 [   D:3 !   D:8 :   Orc:2 [*?*[!

Annotations:
D:2 1 runed translucent door, Crazy Yiuf
D:9 exclusion: obsidian statue
D:11 Erica


Innate Abilities, Weirdness & Mutations

You have an increased reservoir of magic. (+10% MP)
You shall have no god before yourself.
Your divine heritage dramatically boosts your attributes as you level up.
You have a pair of small horns on your head.
You are partially covered in iridescent scales. (AC +2)


Message History

You closely miss the vampire mosquito.
Your headbutt misses the vampire mosquito.
The vampire mosquito is severely damaged.
You block the vampire mosquito's attack. x2
The vampire mosquito misses you.
The vampire mosquito completely misses you.
A death yak comes into view.
The vampire mosquito misses you.
The vampire mosquito bites you but does no damage.
You block the vampire mosquito's attack.
Erica the Fiery-Tempered comes into view.
She is wielding a +2 scimitar of flaming.
You hit the vampire mosquito.
The vampire mosquito is severely damaged.
The vampire mosquito bites you.
* * * LOW HITPOINT WARNING * * *
The vampire mosquito draws strength from your injuries!
The vampire mosquito bites you but does no damage.
The vampire mosquito closely misses you. x2
The vampire mosquito bites you but does no damage.
The vampire mosquito misses you.
You hit the vampire mosquito.
Your headbutt misses the vampire mosquito.
The vampire mosquito is almost destroyed.
The vampire mosquito barely misses you. x3
You block the vampire mosquito's attack.
The vampire mosquito barely misses you.
The vampire mosquito bites you but does no damage.
A river rat comes into view.
A rat comes into view.
You slash the vampire mosquito!
You destroy the vampire mosquito!
The vampire mosquito barely misses you. The vampire mosquito bites you.
* * * LOW HITPOINT WARNING * * *
The vampire mosquito draws strength from your injuries!
The vampire mosquito misses you.
The vampire mosquito closely misses you.
A centaur warrior zombie comes into view.
You hit the two-headed ogre. You headbutt the two-headed ogre!
The two-headed ogre is moderately wounded.
The vampire mosquito bites you!
You die...

.# #.............#
.# #........ ....#
^####........ ....#
.?........... ...#
.............
...######
.####..######
#........ .# #..#
#........ .# #..#
#..# .#
#..#########@y#
.####.........ZyOy#
...............r9.#
.....))#########Y.#
.####..# #..# .#
#..# #Y@###### .#
#..#########........
.#
#..)........rrZ.....
.#
#.............######


You could see 2 death yaks, Erica, a two-headed ogre, 3 vampire mosquitoes, a
gargoyle, a river rat, 2 centaur warrior zombies, a quokka and a rat.

Vanquished Creatures
  An orc warlord (Orc:1)
  A centaur warrior (D:9)
  A two-headed ogre (D:10)
  7 orc high priests
  An orc sorcerer (Orc:2)
  5 centaur zombies
  A cyclops (Orc:2)
  Maurice (Orc:2)
  A gargoyle (D:11)
  An unseen horror (D:11)
  3 kobold demonologists (D:9)
  3 trolls
  Sigmund (D:6)
  A wyvern (D:9)
  2 wraiths
  4 yaks (D:8)
  A steam dragon (D:9)
  A vampire mosquito (D:11)
  10 wargs
  An acid dragon (D:10)
  Duvessa (D:5)
  4 water moccasins
  A hornet zombie (D:8)
  21 orc warriors
  A black bear (D:5)
  11 ogres
  5 centaurs
  A phantom (D:6)
  8 kobold brigands
  Blork the orc (D:5)
  6 bullfrogs
  3 scorpions
  2 gnoll sergeants (D:10)
  2 wyvern zombies (Ossuary)
  An elf skeleton (D:8)
  4 water moccasin zombies (Ossuary)
  Dowan (D:5)
  A water moccasin skeleton (D:3)
  7 killer bees
  4 wights (D:8)
  5 howler monkeys
  4 bullfrog zombies (Ossuary)
  A bullfrog skeleton (D:6)
  A hound (D:5)
  A jelly (D:5)
  A centaur skeleton (D:7)
  3 gnoll shamans
  28 orc priests
  4 iguanas
  14 orc wizards
  4 human skeletons (D:8)
  5 killer bee zombies
  12 mummies (Ossuary)
  3 howler monkey zombies
  7 adders
  16 gnolls
  3 shadow imps
  2 white imps
  An ufetubus (D:5)
  An adder skeleton (D:4)
  4 dart slugs
  A worm (D:3)
  74 orcs
  6 ball pythons
  2 bats
  6 endoplasms
  6 giant cockroaches
  2 goblins
  11 hobgoblins
  5 quokkas
  6 frilled lizards
  21 kobolds
  An orc skeleton (D:8)
  6 rats
399 creatures vanquished.

Vanquished Creatures (others)
  2 orc wizards (D:6)
  6 withered plants (Ossuary)
8 creatures vanquished.

Grand Total: 407 creatures vanquished

Notes
Turn   | Place    | Note
-------+----------+-------------------------------------------
     0 | D:1      | Hasart the Demigod Fighter began the quest for the Orb.
     0 | D:1      | Reached XP level 1. HP: 18/18 MP: 3/3
   258 | D:1      | Reached skill level 2 in Long Blades
   310 | D:1      | Reached XP level 2. HP: 25/25 MP: 4/4
  1019 | D:2      | Reached XP level 3. HP: 31/31 MP: 5/5
  1043 | D:2      | Reached skill level 1 in Dodging
  1152 | D:2      | Found Kegajuze's Armour Emporium.
  1395 | D:2      | Reached XP level 4. HP: 38/38 MP: 6/6
  2026 | D:2      | Found a runed translucent door.
  2027 | D:2      | Noticed Crazy Yiuf
  2305 | D:3      | Reached skill level 3 in Long Blades
  2305 | D:3      | Reached XP level 5. HP: 44/45 MP: 7/7
  2408 | D:3      | Found Aggiyvun's Distillery.
  2422 | D:3      | Bought a potion of heal wounds for 65 gold pieces
  2422 | D:3      | Bought a potion of curing for 39 gold pieces
  2983 | D:4      | Noticed an ogre
  3008 | D:4      | Killed an ogre
  3009 | D:4      | Reached skill level 1 in Throwing
  3701 | D:4      | Reached skill level 1 in Evocations
  4105 | D:4      | Reached XP level 6. HP: 49/51 MP: 8/8
  4281 | D:5      | Entered Level 5 of the Dungeon
  4857 | D:5      | Reached skill level 4 in Long Blades
  4896 | D:5      | Reached XP level 7. HP: 41/58 MP: 9/9
  5122 | D:5      | Noticed Blork the orc
  5135 | D:5      | Killed Blork the orc
  5167 | D:5      | Noticed Duvessa
  5168 | D:5      | Noticed Dowan
  5181 | D:5      | Killed Duvessa
  5184 | D:5      | Killed Dowan
  6293 | D:5      | Identified the +1 ring mail "Onuy" {rCorr Slay+2}
  6590 | D:5      | Reached skill level 5 in Long Blades
  6590 | D:5      | Reached XP level 8. HP: 66/66 MP: 10/10
  7098 | D:6      | Noticed Sigmund
  7125 | D:6      | Killed Sigmund
  7502 | D:6      | Reached skill level 6 in Long Blades
  7502 | D:6      | Reached XP level 9. HP: 22/73 MP: 11/11
  8261 | D:7      | Reached skill level 5 in Fighting
  8261 | D:7      | Reached skill level 5 in Shields
  8266 | D:7      | Reached skill level 5 in Armour
  8512 | D:7      | Found a staircase to the Ecumenical Temple.
  9232 | D:8      | Found a sand-covered staircase.
  9241 | Ossuary  | Entered an ossuary
  9407 | Ossuary  | Reached skill level 7 in Long Blades
 10057 | D:8      | Found Welot's Book Shop.
 10408 | D:8      | Reached XP level 10. HP: 33/81 MP: 13/13
 10733 | D:8      | Noticed a purple ugly thing
 11733 | D:9      | Identified the +1 plate armour "Wijuptyi" {+Blink Will+}
 11929 | D:9      | Reached skill level 5 in Dodging
 11998 | D:9      | Noticed a centaur warrior
 12015 | D:9      | Killed a centaur warrior
 12188 | D:9      | Identified the +6 ring mail "Darar" {Rampage *Slow rPois}
 12201 | D:9      | Reached skill level 8 in Long Blades
 12201 | D:9      | Reached skill level 5 in Throwing
 12408 | D:9      | Noticed an obsidian statue
 13112 | D:10     | Entered Level 10 of the Dungeon
 13178 | D:9      | Noticed a sun demon
 13180 | D:9      | Reached skill level 5 in Evocations
 13231 | D:9      | Noticed a smoke demon
 13538 | D:10     | Noticed a two-headed ogre
 13568 | D:10     | Killed a two-headed ogre
 13901 | D:10     | Found a staircase to the Orcish Mines.
 13940 | D:10     | Reached XP level 11. HP: 35/90 MP: 14/14
 15788 | Orc:1    | Entered Level 1 of the Orcish Mines
 16937 | Orc:2    | Entered Level 2 of the Orcish Mines
 16937 | Orc:2    | Found Jyqoxt Biriu's Antique Armour Emporium.
 16962 | Orc:1    | Reached skill level 9 in Long Blades
 17121 | Orc:2    | Noticed Maurice
 17220 | Orc:2    | Found a staircase to the Elven Halls.
 17259 | Orc:2    | Killed Maurice
 17330 | Orc:2    | Found Vegatz's Overcharged Wands.
 17535 | Orc:2    | Noticed an orc high priest
 17536 | Orc:2    | Noticed an orc warlord
 17546 | Orc:2    | Noticed a sun demon
 18125 | Orc:2    | Noticed an orc high priest
 18387 | Orc:2    | Noticed an orc high priest
 18406 | Orc:1    | Killed an orc high priest
 18805 | Orc:2    | Killed an orc high priest
 19004 | Orc:2    | Noticed an orc high priest
 19221 | Orc:2    | Noticed a sun demon
 19224 | Orc:2    | Noticed a sixfirhy
 19418 | Orc:2    | Noticed a sun demon
 19708 | Orc:2    | Killed an orc high priest
 19908 | Orc:2    | Noticed an orc high priest
 19922 | Orc:2    | Noticed a soul eater
 19923 | Orc:2    | Noticed a soul eater
 19924 | Orc:2    | Killed an orc high priest
 20079 | Orc:2    | Noticed an orc high priest
 20201 | Orc:2    | Killed an orc high priest
 20542 | Orc:2    | Killed an orc high priest
 20698 | Orc:1    | Killed an orc warlord
 20699 | Orc:1    | Reached XP level 12. HP: 83/100 MP: 15/15
 21129 | Orc:2    | Reached skill level 10 in Long Blades
 21509 | Orc:2    | Found Apalo's Magic Scroll Emporium.
 21509 | Orc:2    | Found Nemerrik's General Store.
 21513 | Orc:2    | Bought a scroll of blinking for 127 gold pieces
 21513 | Orc:2    | Bought a scroll of teleportation for 51 gold pieces
 21567 | Orc:2    | Found Cuihi's Armour Emporium.
 21713 | Orc:2    | Found Todgh's Distillery.
 22289 | Orc:2    | Bought 2 potions of mutation for 272 gold pieces
 22289 | Orc:2    | Gained mutation: Your skin changes colour to match your
                  | surroundings (Stealth+). [potion of mutation]
 22289 | Orc:2    | Gained mutation: You have a pair of small horns on your
                  | head. [potion of mutation]
 22290 | Orc:2    | Lost mutation: You have a pair of small horns on your head.
                  | [potion of mutation]
 22290 | Orc:2    | Lost mutation: Your skin changes colour to match your
                  | surroundings (Stealth+). [potion of mutation]
 22290 | Orc:2    | Gained mutation: You are agile. (Dex +2) [potion of
                  | mutation]
 22290 | Orc:2    | Gained mutation: You have sharp toenails. [potion of
                  | mutation]
 22291 | Orc:2    | Lost mutation: You have sharp toenails. [potion of
                  | mutation]
 22291 | Orc:2    | Lost mutation: You are agile. (Dex +2) [potion of mutation]
 22291 | Orc:2    | Gained mutation: You sometimes lose the ability to read
                  | scrolls when taking damage. [potion of mutation]
 22291 | Orc:2    | Gained mutation: Your movements are slightly less
                  | encumbered by armour. (ER -2) [potion of mutation]
 22291 | Orc:2    | Gained mutation: You are partially covered in iridescent
                  | scales. (AC +2) [potion of mutation]
 22292 | Orc:2    | Lost mutation: Your movements are slightly less encumbered
                  | by armour. (ER -2) [potion of mutation]
 22292 | Orc:2    | Lost mutation: You are partially covered in iridescent
                  | scales. (AC +2) [potion of mutation]
 22292 | Orc:2    | Lost mutation: You sometimes lose the ability to read
                  | scrolls when taking damage. [potion of mutation]
 22292 | Orc:2    | Gained mutation: You are partially covered in iridescent
                  | scales. (AC +2) [potion of mutation]
 22292 | Orc:2    | Gained mutation: You have a pair of small horns on your
                  | head. [potion of mutation]
 22709 | D:11     | Noticed Erica
 22713 | D:11     | Slain by a vampire mosquito

Illustrated notes

Levels and vault maps discovered:
D:1:      minmay_arrival_widening_spiral_wide, layout_loops_ring,
          basic_ecumenical_altar
D:2:      layout_basic, basic_altar, serial_shops,
          nicolae_shop_competitors_out_of_business, minmay_small_reverse_x,
          uniq_crazy_yiuf_cottage
D:3:      layout_basic, serial_shops, shop, kennysheep_generic_room_4
D:4:      layout_basic, nicolae_concentric_dashed_squares_mild,
          ebering_dispersal_statue_hall, minmay_quantized
D:5:      layout_basic, minitemple, serial_rivers,
          chequers_serial_rivers_room_b, chequers_serial_rivers_micro_e,
          chequers_serial_rivers_micro_e, chequers_serial_rivers_large_a,
          chequers_serial_rivers_small_3, kennysheep_flooded_box,
          kennysheep_generic_room_5, uniq_duvessa, uniq_blork_the_orc
D:6:      layout_loops_cross, uniq_sigmund
D:7:      layout_loops_cross, minmay_temple_entry_arrows, kennysheep_potato
D:8:      layout_cave_pods, zin_treasury, serial_shops, kennysheep_mini_moat,
          nicolae_ossuary_entry_catacombs, hangedman_decor_lopped,
          small_chamber_with_monster
D:9:      layout_basic, nicolae_wu_jian_wuxing_cycle, minmay_protected_statue
D:10:     layout_layer_cave, regret_index_temple_of_mockery,
          kennysheep_orc_monster_closet_entryway
D:11:     layout_small_grid, dpeg_lair_monsters, disabler_island, uniq_erica
Orc:1:    layout_diamond_mine
Orc:2:    st_orc_town, layout_caves, serial_shops, shop, nicolae_orc_rockfall,
          nicolae_shop_overcharged_wands, uniq_maurice

Skill      XL: |  1  2  3  4  5  6  7  8  9 10 11 12 |
---------------+-------------------------------------+-----
Long Blades    | 2 3 4 5 6 7 8 9 10 | 10.2
Fighting       | 3 4 5 6 7 |  7.5
Armour         | 3 4 5 6 7 |  7.5
Shields        | 3 4 5 6 7 |  7.5
Dodging        | 1 2 3 4 5 6 |  6.8
Throwing       | 1 2 3 4 5 6 |  6.7
Evocations     | 1 2 3 4 5 6 |  6.5

Action                   |  1- 3 |  4- 6 |  7- 9 | 10-12 || total
-------------------------+-------+-------+-------+-------++-------
Melee: Long sword        |   101 |   202 |   560 |    93 ||   956
       Falchion          |       |       |       |   947 ||   947
       Unarmed           |       |       |       |    10 ||    10
       Headbutt          |       |       |       |    14 ||    14
Throw: Dart              |       |    12 |    19 |   126 ||   157
       Boomerang         |       |     1 |    17 |    36 ||    54
Evoke: Wand              |       |       |     1 |     5 ||     6
  Use: Scroll            |       |       |     9 |     9 ||    18
       Potion            |       |       |       |     4 ||     4
 Stab: Confused          |       |       |       |     1 ||     1
Armor: Storm dragon scal |    58 |   111 |   269 |   503 ||   941
       Skin              |       |       |       |     1 ||     1
Dodge: Dodged            |    35 |    70 |   265 |   502 ||   872
Block: Buckler           |    25 |    66 |   172 |   298 ||   561
